 Dungeon Crawl Stone Soup version 0.25-a0-558-g78a2afb0af (webtiles) character file.

Game seed: 4544805604970969340, levelgen mode: deterministic

208 surprisetrex the Firebug (level 5, 0/46 HPs)
             Began as a Draconian Fire Elementalist on Feb 24, 2020.
             Slain by a killer bee (5 damage)
             ... on level 2 of the Dungeon.
             The game lasted 00:12:00 (2754 turns).

surprisetrex the Firebug (DrFE)                     Turns: 2754, Time: 00:12:01

Health: 0/46       AC:  5    Str: 11    XL:     5   Next: 55%
Magic:  5/8        EV: 12    Int: 16    God:
Gold:   102        SH:  0    Dex: 11    Spells: 0/8 levels left

rFire    . . .     SeeInvis .   (no weapon)
rCold    . . .     Gourm    .   (no shield)
rNeg     . . .     Faith    .   (armour unavailable)
rPois    .         Spirit   .   (helmet restricted)
rElec    .         Reflect  .   (no cloak)
rCorr    .         Harm     .   (no gloves)
MR       .....                  (no boots)
Stlth    +++.......             (no amulet)
HPRegen  0.15/turn              l - ring of stealth
MPRegen  0.11/turn              (no ring)

@: lethally poisoned (0 -> -7)
A: unfitting armour, cold-blooded, AC +5
a: no special abilities


You were on level 2 of the Dungeon.
You were not hungry.

You visited 1 branch of the dungeon, and saw 3 of its levels.

You collected 102 gold pieces.

Inventory:

Missiles
 k - 24 sling bullets
 n - 17 poisoned darts (quivered)
Jewellery
 l - a ring of stealth (left hand)
Scrolls
 a - a scroll of amnesia
 e - a scroll of enchant weapon
 g - 2 scrolls of blinking {unknown}
 j - 2 scrolls of fear {unknown}
 m - 2 scrolls of remove curse {unknown}
Comestibles
 b - 3 rations
 c - 4 chunks of flesh


   Skills:
 + Level 4.1 Fighting
 - Level 1.7 Dodging
 - Level 1.7 Stealth
 - Level 2.0 Spellcasting
 - Level 1.0 Conjurations
 + Level 4.9 Fire Magic


You couldn't memorise any spells.
You knew the following spells:

 Your Spells              Type           Power        Failure   Level  Hunger
a - Foxfire               Conj/Fire      ##..         6%          1    #......
b - Conjure Flame         Conj/Fire      ##......     19%         3    ###....
c - Sticky Flame          Conj/Fire      ##......     52%         4    #####..

Your spell library contained the following spells:

 Spells                   Type           Power        Failure   Level  Hunger
 Inner Flame              Hex/Fire       #.......     22%         3    ###....
 Fireball                 Conj/Fire      ##........   86%         5    ######.


Dungeon Overview and Level Annotations

Branches:
Dungeon (3/15)

Altars:


Innate Abilities, Weirdness & Mutations

Your plain brown scales are hard. (AC +5)
You cannot fit into any form of body armour.
You are cold-blooded and may be slowed by cold attacks.


Message History

The killer bee stings you. The killer bee closely misses you.
You climb upwards.
You feel sick.
There is a stone staircase leading down here.
You aren't carrying any potions.
As you read the scroll labeled NIAHUPEUXE, it crumbles to dust.
It is a scroll of amnesia.
Really abort (and waste the scroll)?
Okay, then.
The killer bee closely misses you. The killer bee stings you.
You are more poisoned.
The killer bee poisons you! The killer bee completely misses you.
The killer bee stings you!
* * * LOW HITPOINT WARNING * * *
As you read the scroll labeled GIANOPTOLU, it crumbles to dust.
It is a scroll of enchant weapon.
You aren't carrying any weapons that can be enchanted.
You feel sick. The killer bee stings you!
* * * LOW HITPOINT WARNING * * *
The killer bee stings you.
You die...

######.##.######## #.##.
..........# #.... ######.####
####. # #.# ######### #. # #.#
##.......## ## # #.# #.⌠#####⌠.#
# #.# #.##...##.#
#.#####.#.y.y.#.###
#.#...#....@..#...#
######.#.###.#.⌠.⌠.#.#.#########
.......#.# #.##[..##.#.........##
...##....###.⌠#####⌠.###.##......
...........##.......####.##.##.##
...##....############.##.##.##.#
#####..#.#####........##.......#
.......#..........##..#####.####
######.########.......# ###.##


You could see 2 killer bees.

Vanquished Creatures
  3 killer bees
  2 adders (D:3)
  A worm (D:2)
  2 dart slugs
  2 leopard geckos (D:3)
  12 bats
  2 giant cockroaches
  2 goblins (D:1)
  8 hobgoblins
  2 jackals (D:1)
  A ball python (D:3)
  7 frilled lizards
  7 kobolds
  3 rats (D:1)
54 creatures vanquished.

Vanquished Creatures (others)
  173 foxfires
173 creatures vanquished.

Grand Total: 227 creatures vanquished

Notes
Turn   | Place    | Note
-------+----------+-------------------------------------------
     0 | D:1      | surprisetrex the Draconian Fire Elementalist began the
                  | quest for the Orb.
     0 | D:1      | Reached XP level 1. HP: 14/14 MP: 3/3
   254 | D:1      | Reached skill level 1 in Fighting
   310 | D:1      | Reached XP level 2. HP: 23/23 MP: 1/5
   665 | D:1      | You fall into a shaft and drop 1 floor!
   812 | D:1      | Reached XP level 3. HP: 29/29 MP: 1/6
  2127 | D:3      | Learned a level 3 spell: Conjure Flame
  2130 | D:3      | Noticed a killer bee
  2140 | D:3      | Killed a killer bee
  2140 | D:3      | Reached XP level 4. HP: 27/38 MP: 1/7
  2316 | D:3      | Reached XP level 5. HP: 46/46 MP: 2/8
  2519 | D:2      | Learned a level 4 spell: Sticky Flame
  2754 | D:2      | Slain by a killer bee

Levels and vault maps discovered:
D:1:      roderic_chinese_lattice_arrival, layout_rooms
D:2:      layout_loops_corners, first_ration, grunt_ministairs_11
D:3:      layout_rooms, grunt_temple_overflow_opulence, serial_curves,
          eino_curves_03, eino_curves_04, eino_curves_03, uniq_ijyb

Skill      XL: |  1  2  3  4  5 |
---------------+----------------+-----
Fighting       | 1 2 3 4 |  4.1
Fire Magic     | 4 |  4.9
Dodging        | |  1.7
Stealth        | |  1.7
Spellcasting   | |  2.0
Conjurations   | |  1.0

Action                   |  1- 3 |  4- 6 || total
-------------------------+-------+-------++-------
Melee: Unarmed           |    44 |    17 ||    61
       Tailslap          |     2 |       ||     2
Throw: Dart              |     1 |     2 ||     3
 Cast: Foxfire           |    92 |    26 ||   118
  Use: Potion            |       |     6 ||     6
       Scroll            |       |     2 ||     2
  Eat: Chunk             |     5 |     3 ||     8
Armor: Skin              |    36 |    33 ||    69
Dodge: Dodged            |    73 |    27 ||   100

Table legend:
 A = Non-vault XP
 B = Vault XP
 C = Vault XP percentage of total XP
 D = Non-vault monster count
 E = Vault monster count
 F = Vault count percentage of total count
                 A         B        C        D         E       F
            +---------+---------+-------+---------+---------+-------
      Total |     296 |       2 |   0.7 |      53 |       1 |   1.9
            +---------+---------+-------+---------+---------+-------
        D:1 |      49 |       0 |   0.0 |      31 |       0 |   0.0
        D:2 |      83 |       2 |   2.4 |      10 |       1 |   9.1
        D:3 |     164 |       0 |   0.0 |      12 |       0 |   0.0
            +---------+---------+-------+---------+---------+-------
